 Dungeon Crawl Stone Soup version 0.26-a0-646-g5d77183 (webtiles) character file.

Game seed: 2220140554480909995

861 Crabhammer the Stinger (level 8, -1/68 HPs)
             Began as a Naga Venom Mage on Sept 24, 2020.
             Slain by Maggie
             ... wielding a +2 halberd of distortion
              (8 damage)
             ... on level 6 of the Dungeon.
             The game lasted 00:20:48 (4964 turns).

Crabhammer the Stinger (Naga Venom Mage)            Turns: 4964, Time: 00:20:49

Health: -1/68      AC:  6    Str: 11    XL:     8   Next: 2%
Magic:  9/14       EV: 10    Int: 17    God:
Gold:   300        SH:  0    Dex: 18    Spells: 6/15 levels left

rFire    . . .     SeeInvis +   a - +0 falchion
rCold    . . .     Faith    .   (no shield)
rNeg     . . .     Spirit   .   j - +0 robe
rPois    +         Reflect  .   (no helmet)
rElec    .         Harm     .   p - +0 cloak
rCorr    .         Rampage  .   d - +1 pair of gloves
MR       +....                  (no barding)
Stlth    ++........             c - amulet of regeneration
HPRegen  0.61/turn              n - +6 ring of dexterity
MPRegen  0.14/turn              (no ring)

@: mesmerised, very slow
A: large, see invisible, deformed body, poison resistance, slowness 2, spit
poison 1, AC +2
a: Spit Poison


You were on level 6 of the Dungeon.
You visited 1 branch of the dungeon, and saw 6 of its levels.

You collected 300 gold pieces.

Inventory:

Hand Weapons
 a - a +0 falchion (weapon)
Armour
 d - a +1 pair of gloves (worn)
 j - a +0 robe (worn)
 m - a +0 kite shield
 p - a +0 cloak (worn)
Jewellery
 c - an amulet of regeneration (around neck)
 n - a +6 ring of dexterity (left hand)
Wands
 i - a wand of random effects (18)
 l - a wand of flame (14)
Scrolls
 b - a scroll of enchant armour
 e - 5 scrolls of identify
 g - 2 scrolls of teleportation
 r - a scroll of noise {unknown}
 s - a scroll of random uselessness {unknown}
 w - a scroll of remove curse
Potions
 f - a potion of mutation
 h - 2 potions of lignification
 q - a potion of berserk rage {unknown}
 t - a potion of heal wounds {unknown}
 u - a potion of cancellation {unknown}
 v - 2 potions of curing


   Skills:
 * Level 2.3 Fighting
 + Level 3.3 Long Blades
 - Level 1.5 Dodging
 - Level 3.0 Stealth
 * Level 4.2 Spellcasting
 + Level 2.4 Transmutations
 + Level 2.9 Air Magic
 + Level 7.1 Poison Magic
 + Level 1.0 Evocations


You had 6 spell levels left.
You knew the following spells:

 Your Spells              Type           Power        Failure   Level
a - Sting                 Tmut/Pois      ###.         2%          1
b - Poisonous Vapours     Pois/Air       ###...       3%          2
c - Mephitic Cloud        Conj/Pois/Air  ###.....     12%         3
d - Ignite Poison         Fire/Tmut/Pois ##......     12%         3

Your spell library contained the following spells:

 Spells                   Type           Power        Failure   Level
 Olgreb's Toxic Radiance  Pois           ####....     9%          4


Dungeon Overview and Level Annotations

Branches:
Dungeon (6/15)
 Temple: D:4-7

Altars:
Trog
Yredelemnul

Annotations:
D:6 Maggie


Innate Abilities, Weirdness & Mutations

You cannot wear boots.
Your serpentine skin is tough. (AC +2)
You have supernaturally acute eyesight. (SInv)
Armour fits poorly on your strangely shaped body.
Your system is resistant to poisons. (rPois)
You cover ground very slowly.
You can spit poison.


Message History

* * * LOW HITPOINT WARNING * * *
Space bends around you.
* * * LOW HITPOINT WARNING * * *
It was a potion of magic.
Magic courses through your body.
Casting: Ignite Poison (dangerous; 12% risk of failure)
Confirm with . or Enter, or press ? or * to list all spells.
Okay, then.
Casting: Ignite Poison (dangerous; 12% risk of failure)
Confirm with . or Enter, or press ? or * to list all spells.
Press: ? - help, Shift-Dir - straight line, p - Maggie The ball explodes into a vile cloud!
The stinking cloud engulfs Maggie but does no damage.
Maggie is heavily wounded.
Maggie drinks a potion.
Maggie is healed!
Casting: Mephitic Cloud (dangerous; 12% risk of failure)
Confirm with . or Enter, or press ? or * to list all spells.
You ignite the poison in your surroundings!
Maggie is engulfed in blazing flames.
Maggie hits you with a +2 halberd of distortion!
You die...

...........##..........
.........###...#..####
#...........##.#..###.
##.........######.....
#####.........##
#....#.
##..#...........#
#######
##..#....☼☼○.....# ##8#
##...#.#..@○☼.....##8.
8...
#....#.#...@......##..
....
#........#..<.....#_...
....
##.......#........##...
....
#####...##.......##8..
8... ##..#........# ##8
##8# #...........## ##
####.........#
#..........#
#.............


You could see Maggie (mesmerising).

Vanquished Creatures
  An ice beast (D:5)
  2 ogres (D:4)
  A bullfrog (D:6)
  A bullfrog skeleton (D:4)
  4 hounds
  A jelly (D:5)
  2 iguanas
  3 worker ants
  A worker ant zombie (D:5)
  3 gnolls (D:6)
  7 adders
  A white imp (D:5)
  2 ufetubi
  3 oozes
  3 dart slugs
  9 leopard geckos
  14 orcs
  8 bats
  7 goblins
  6 hobgoblins
  9 jackals
  6 kobolds
  A quokka (D:3)
  3 frilled lizards
  A jackal skeleton (D:5)
  A quokka zombie (D:6)
  7 rats
107 creatures vanquished.

Notes
Turn   | Place    | Note
-------+----------+-------------------------------------------
     0 | D:1      | Crabhammer the Naga Venom Mage began the quest for the Orb.
     0 | D:1      | Reached XP level 1. HP: 15/15 MP: 3/3
   151 | D:1      | Reached XP level 2. HP: 22/22 MP: 3/5
   385 | D:1      | Reached skill level 5 in Poison Magic
   385 | D:1      | Reached XP level 3. HP: 28/28 MP: 6/6
   389 | D:1      | Learned a level 2 spell: Poisonous Vapours
   995 | D:2      | Learned a level 3 spell: Ignite Poison
  1183 | D:2      | Reached XP level 4. HP: 36/36 MP: 3/7
  1656 | D:3      | Found a bloodstained altar of Trog.
  2019 | D:3      | Reached XP level 5. HP: 42/42 MP: 6/9
  2146 | D:3      | Reached skill level 6 in Poison Magic
  2679 | D:4      | Reached skill level 1 in Air Magic
  2783 | D:4      | Noticed an ogre
  2786 | D:4      | Reached skill level 1 in Long Blades
  2786 | D:4      | Reached XP level 6. HP: 23/50 MP: 8/10
  2863 | D:4      | Reached skill level 1 in Fighting
  3557 | D:4      | Learned a level 3 spell: Mephitic Cloud
  3558 | D:5      | Entered Level 5 of the Dungeon
  3594 | D:5      | Reached XP level 7. HP: 51/57 MP: 9/12
  3746 | D:5      | Reached skill level 7 in Poison Magic
  4566 | D:6      | Found a basalt altar of Yredelemnul.
  4574 | D:6      | Noticed Maggie
  4672 | D:6      | Reached skill level 1 in Evocations
  4800 | D:6      | Reached XP level 8. HP: 68/68 MP: 7/14
  4964 | D:6      | Slain by Maggie

Illustrated notes

Levels and vault maps discovered:
D:1:      tarquinn_simple_flora_water_b, layout_loops_ring
D:2:      layout_loops_ring
D:3:      layout_basic, bloody_trog
D:4:      layout_basic
D:5:      layout_basic, roderic_cross_of_infinity
D:6:      layout_cave_pools, nicolae_overflow_hidden_temple, uniq_maggie

Skill      XL: |  1  2  3  4  5  6  7 |
---------------+----------------------+-----
Poison Magic   | 5 6 7 |  7.1
Transmutations | 2 |  2.4
Spellcasting   | 3 4 |  4.2
Air Magic      | 1 2 |  2.9
Long Blades    | 1 2 3 |  3.3
Fighting       | 1 2 |  2.3
Evocations     | 1 |  1.0
Dodging        | |  1.5
Stealth        | |  3.0

Action                   |  1- 3 |  4- 6 |  7- 9 || total
-------------------------+-------+-------+-------++-------
Melee: Unarmed           |    16 |       |       ||    16
       Falchion          |     9 |    76 |    54 ||   139
 Cast: Sting             |    21 |     8 |     3 ||    32
       Poisonous Vapours |     4 |    29 |    17 ||    50
       Mephitic Cloud    |       |       |     6 ||     6
       Ignite Poison     |       |       |     4 ||     4
 Abil: Spit Poison       |    26 |    39 |    17 ||    82
Evoke: Wand              |       |       |     9 ||     9
  Use: Scroll            |       |     8 |     1 ||     9
       Potion            |       |     3 |     2 ||     5
 Stab: Sleeping          |       |     1 |     1 ||     2
       Confused          |       |       |     3 ||     3
Armor: Robe              |    14 |    32 |    15 ||    61
Dodge: Dodged            |    24 |    60 |    32 ||   116
       Rpst.: Falchion   |     3 |    19 |    11 ||    33

Table legend: (Time is in decaauts)
 A = Elapsed time spent in this place.
 B = Non-inter-level travel time spent in this place.
 C = Inter-level travel time spent in this place.
 D = Time resting spent in this place.
 E = Time spent auto-exploring this place.
 F = Levels seen in this place.
 G = Mean time per level.
                   A        B        C        D        E       F      G
               +--------+--------+--------+--------+--------+-----+--------+
         Total |   6299 |   6053 |    246 |    936 |   3633 |   6 | 1049.8 |
       Dungeon |   6299 |   6053 |    246 |    936 |   3633 |   6 | 1049.8 |
               +--------+--------+--------+--------+--------+-----+--------+

Top non-repeatable levels by time:
     D:3: 1294 daAuts
     D:4: 1265 daAuts
     D:1: 1007 daAuts
     D:5: 1005 daAuts
     D:2: 974 daAuts
     D:6: 753 daAuts
